Map: Acropolis LE

Players

Mez - Winner!

  • Race: Terran Terran
  • League: Master
  • Spawn Location: 11:00

DAM

  • Race: Terran Terran
  • League: Master
  • Spawn Location: 5:00

VOD

Have the link to the VOD?

Description

Time

  • Played on: Sept. 6, 2019, 4:35 a.m.
  • Length: 4:44
Show
View Real Time Build Order
Export as new Build Order

Mez Terran - Winner!

Build Orders: Gas First Reaper Expand, Hellion Opening 

Get SALT Encoding   

  12  0:00  SCV  
  13  0:13  SCV  
  14  0:18  Supply Depot  
  14  0:25  SCV  
  14  0:27  Refinery  
  15  0:40  SCV  
  16  0:46  Barracks  
  16  0:52  SCV  
  17  1:04  SCV  
  18  1:16  SCV  
  19  1:33  Orbital Command, Reaper  
  20  1:44  Command Center  
  20  1:58  Factory  
  20  2:02  SCV  
  20  2:06  Barracks Reactor  
  21  2:12  Supply Depot  
  21  2:14  SCV  
  22  2:19  Refinery  
  21  2:30  SCV  
  22  2:42  SCV  
  23  2:46  Starport  
  23  2:49  Hellion x2  
  27  2:54  Barracks Tech Lab  
  27  3:06  Orbital Command  
  27  3:10  Hellion x2  
  30  3:21  Marauder  
  30  3:23  Concussive Shells  
  32  3:28  SCV  
  32  3:34  Hellion x2  
  37  3:38  Medivac  
  37  3:40  SCV  
  40  3:43  Marauder  
  42  3:48  Supply Depot  
  42  3:56  SCV x2  
  42  4:00  Hellion  
  46  4:15  SCV  
  46  4:16  SCV  
  53  4:18  Supply Depot  
  51  4:28  SCV x2  
Show
View Real Time Build Order
Export as new Build Order

DAM Terran 

Build Orders:  

Get SALT Encoding   

  12  0:00  SCV  
  13  0:13  SCV  
  14  0:17  Supply Depot  
  14  0:25  SCV  
  15  0:39  SCV  
  15  0:41  Barracks  
  16  0:47  Refinery  
  16  0:51  SCV  
  17  1:03  SCV  
  18  1:15  SCV  
  19  1:29  SCV  
  20  1:33  Reaper  
  21  1:41  Command Center  
  21  1:47  Orbital Command  
  21  1:56  Supply Depot  
  21  2:09  Factory  
  21  2:15  SCV, Refinery  
  22  2:29  SCV  
  23  2:32  Barracks Reactor  
  23  2:43  SCV  
  24  2:55  SCV  
  25  3:05  Orbital Command  
  24  3:14  Starport  
  24  3:19  Marine  
  25  3:20  Marine, Hellion  
  25  3:23  Orbital Command  
  26  3:36  Command Center  
  26  3:37  Marine x2  
  26  3:40  Orbital Command  
  28  3:46  SCV  
  29  3:48  Factory Tech Lab  
  29  3:53  Medivac  
  31  3:59  SCV  
  31  4:00  Barracks  
  32  4:12  Marine x2  
  32  4:14  Supply Depot  
  37  4:17  SCV  
  37  4:18  SCV  
  39  4:27  Starport Reactor  
  39  4:29  SCV  
  42  4:36  Refinery  
Tags
 
Add a new tag
Caveats
  • Supply blocks, unpowered buildings, or Contaminate may cause inaccurate times.
  • Supply counts are checked every 10 seconds.